 Dungeon Crawl Stone Soup version 0.19-a0-1879-gd95bc26 (webtiles) character file.

180 Minion the Cudgeler (level 5, 0/50 HPs)
             Began as a Troll Abyssal Knight on Oct 14, 2016.
             Was a Priest of Lugonu.
             Killed by divine providence
             ... invoked by an orc priest
              (13 damage)
             ... on level 3 of the Dungeon.
             The game lasted 00:06:15 (1684 turns).

Minion the Cudgeler (Troll Abyssal Knight)          Turns: 1684, Time: 00:06:17

Health: 0/50       AC:  6    Str: 21    XL:     5   Next: 33%
Magic:  5/5        EV: 10    Int:  8    God:    Lugonu [***...]
Gold:   64         SH:  0    Dex:  9    Spells: 0 memorised, 4 levels left

rFire  . . .     SeeInvis .     a - +1 mace
rCold  . . .     Gourm    +     b - +0 robe
rNeg   . . .     Faith    .     (no shield)
rPois  .         Spirit   .     (helmet restricted)
rElec  .         Dismiss  .     p - +0 cloak
rCorr  .         Reflect  .     (gloves unavailable)
MR     .....     Harm     .     (boots unavailable)
Stlth  +.........               (no amulet)
                                (no ring)
                                (no ring)

@: no status effects
A: unfitting armour, claws 3, fast metabolism 3, gourmand, regeneration 1,
shaggy fur 1, tough skin 2
a: Depart the Abyss, Bend Space, Banish, Renounce Religion


You were on level 3 of the Dungeon.
You worshipped Lugonu.
Lugonu was most pleased with you.
You were completely stuffed.

You visited 1 branch of the dungeon, and saw 3 of its levels.
You visited the Abyss 1 time.

You collected 64 gold pieces.

Inventory:

Hand Weapons
 a - a +1 mace (weapon)
Armour
 b - a +0 robe (worn)
 p - a +0 cloak (worn)
Scrolls
 d - 2 scrolls of teleportation {unknown}
 g - a scroll of identify {unknown}
 k - a scroll of remove curse {unknown}
Potions
 e - a potion of might {unknown}
 f - a potion of resistance {unknown}
 h - 2 potions of flight {unknown}
 i - a potion of curing {unknown}
 j - a potion of agility {unknown}
 l - a potion of lignification {unknown}
 m - a potion of mutation {unknown}
 n - a potion of ambrosia {unknown}
 o - a potion of brilliance {unknown}
Comestibles
 c - 2 bread rations
 q - 6 chunks of flesh


   Skills:
 - Level 2.4 Fighting
 * Level 4.8 Maces & Flails
 - Level 1.9 Dodging
 + Level 0.4 Stealth
 + Level 2.0 Invocations


You had 4 spell levels left.
You didn't know any spells.

Dungeon Overview and Level Annotations

Branches:
Dungeon (3/15)

Altars:
Ashenzari
Cheibriados
Okawaru
Sif Muna
Beogh


Innate Abilities, Weirdness & Mutations

You are too large for most types of armour.
You have claws for hands.
Your metabolism is lightning-fast.
You like to eat raw meat.
Your natural rate of healing is unusually fast.
You are covered in fur. (AC +1)
You have very tough skin. (AC +2)


Message History

You closely miss the orc priest.
The orc priest is almost dead.
The orc priest calls upon Beogh to heal the orc priest.
The orc priest is healed somewhat.
The orc priest mumbles some strange prayers to Beogh against you.
Beogh smites you!
* * * LOW HITPOINT WARNING * * *
You hit the orc priest.
The orc priest is heavily wounded.
The orc priest calls upon Beogh to heal the orc priest.
The orc priest is healed somewhat.
The orc priest hits you with a hand axe.
* * * LOW HITPOINT WARNING * * *
You hit the orc priest.
The orc priest is heavily wounded.
The orc priest calls upon Beogh to heal the orc priest.
The orc priest is healed somewhat.
The orc priest invokes the aid of Beogh against you.
Beogh smites you!
You die...

......
#.#...#......##.....
#.###
#.#.#...####.#######
.....#.# #....######.
....##. #........... ..
#.###.....##### ..
#..##.....######...
#...#.......)......
#......#...)......
#@................
#_$$.ooo#...............
#.8$8.#.................
##$.$##.................
#####..................
#.##...###.......... #..
#.### ##......... .. ..#
#######


You could see 3 orc priests.

Vanquished Creatures
  Jessica (D:2)
  Ijyb (D:2)
  3 adders (D:2)
  3 oozes
  A worm (D:3)
  3 dart slugs
  2 leopard geckos (D:1)
  5 orcs (D:3)
  3 bats
  2 giant cockroaches (D:2)
  8 goblins
  10 hobgoblins
  8 jackals
  13 kobolds
  6 frilled lizards
  2 rats
71 creatures vanquished.

Notes
Turn   | Place    | Note
-------+----------+-------------------------------------------
     0 | Abyss:1  | Minion the Troll Abyssal Knight began the quest for the Orb.
     0 | Abyss:1  | Reached XP level 1. HP: 22/22 MP: 1/1
     0 | D:1      | Escaped the Abyss
    23 | D:1      | Reached skill level 2 in Maces & Flails
   117 | D:1      | Reached XP level 2. HP: 29/29 MP: 2/2
   130 | D:1      | Reached * piety under Lugonu
   435 | D:1      | Reached XP level 3. HP: 34/36 MP: 3/3
   501 | D:1      | Reached skill level 3 in Maces & Flails
   682 | D:2      | Found a deep blue altar of Sif Muna.
   684 | D:2      | Found a snail-covered altar of Cheibriados.
   825 | D:2      | Reached XP level 4. HP: 33/44 MP: 4/4
   872 | D:2      | Noticed Ijyb
   889 | D:2      | Killed Ijyb
   889 | D:2      | Reached ** piety under Lugonu
   889 | D:2      | Reached skill level 4 in Maces & Flails
   961 | D:2      | Noticed Jessica
   976 | D:2      | Killed Jessica
  1026 | D:2      | Reached XP level 5. HP: 50/50 MP: 5/5
  1258 | D:2      | Found a shattered altar of Ashenzari.
  1283 | D:2      | Found an iron altar of Okawaru.
  1670 | D:3      | Found a roughly hewn altar of Beogh.
  1673 | D:3      | Reached *** piety under Lugonu
  1684 | D:3      | Killed from afar by an orc priest

Vault maps used:
D:1:      minmay_arrival_diagonal_passages, nrook_mini_vaults,
          nrook_loot_triangle
D:2:      gammafunk_temple_overflow_pools, okawaru_metal_pillars_3,
          ashenzari_conservatory_becter, uniq_iyjb, uniq_jessica
D:3:      elyvilon_altar_5, first_bread, kennysheep_orc_chapel

Skill      XL: |  1  2  3  4 |
---------------+-------------+-----
Maces & Flails | 2 3 4 |  4.8
Invocations    | 2 |  2.0
Fighting       | |  2.4
Dodging        | |  1.9
Stealth        | |  0.4

Action                   |  1- 3 |  4- 6 || total
-------------------------+-------+-------++-------
Melee: Mace              |    88 |   161 ||   249
Invok: Depart the Abyss  |     1 |       ||     1
 Stab: Sleeping          |     2 |     1 ||     3
  Eat: Chunk             |     5 |    12 ||    17
       Bread ration      |     1 |       ||     1
Armor: Robe              |    40 |    66 ||   106
Dodge: Dodged            |    42 |   103 ||   145
